 Dungeon Crawl Stone Soup version 0.30.0-29-ga12c61a403 (webtiles) character file.

Game seed: 4746662211966046344

175 Heoruswealwe the Caller (level 5, -4/28 HPs)
             Began as a Deep Elf Summoner on June 13, 2023.
             Was an Initiate of Sif Muna.
             Killed from afar by Natasha (8 damage)
             ... with a magic dart
             ... on level 3 of the Dungeon.
             The game lasted 00:44:22 (3411 turns).

Heoruswealwe the Caller (Deep Elf Summoner)         Turns: 3411, Time: 00:44:22

Health: -4/28      AC:  3    Str:  5    XL:     5   Next: 29%
Magic:  10/15      EV: 17    Int: 22    God:    Sif Muna [......]
Gold:   168        SH:  0    Dex: 15    Spells: 2/15 levels left

rFire   . . .        b - +0 short sword of Malaise {vamp, rPois}
rCold   . . .        (no shield)
rNeg    . . .        c - +0 robe
rPois   +            (no helmet)
rElec   .            (no cloak)
rCorr   .            (no gloves)
SInv    .            e - +0 pair of boots
Will    .....        (no amulet)
Stlth   ++           k - +5 ring of evasion
HPRegen 0.24/turn    (no ring)
MPRegen 0.14/turn

%: no passive effects
@: no status effects
A: no striking features
a: Renounce Religion


You were on level 3 of the Dungeon.
You worshipped Sif Muna.
Sif Muna was noncommittal.
You visited 1 branch of the dungeon, and saw 3 of its levels.

You collected 168 gold pieces.

Inventory:

Hand Weapons
 b - the +0 short sword of Malaise (weapon) {vamp, rPois}
   (You found it on level 2 of the Dungeon)

   rPois:     It protects you from poison.
 v - a +3 short sword
Armour
 c - a +0 robe (worn)
 e - a +0 pair of boots (worn)
Magical Staves
 r - a staff of poison
Jewellery
 k - a +5 ring of evasion (left hand)
Scrolls
 a - 4 scrolls of identify {unknown}
 f - a scroll of noise {unknown}
 g - a scroll of fog {unknown}
 j - 2 scrolls of teleportation {unknown}
 p - a scroll of vulnerability {unknown}
 s - a scroll of poison {unknown}
Potions
 d - a potion of magic
 h - a potion of brilliance {unknown}
 i - a potion of cancellation {unknown}
 n - 2 potions of lignification {unknown}
 o - a potion of heal wounds {unknown}
 q - a potion of flight {unknown}


   Skills:
 - Level 2.4 Dodging
 - Level 2.4 Stealth
 + Level 5.6 Spellcasting
 + Level 6.0 Summonings


You had 2 spell levels left.
You knew the following spells:

 Your Spells              Type           Power      Damage    Failure   Level
a - Summon Small Mammal   Summ           100%       N/A       1%          1
b - Call Imp              Summ           64%        N/A       1%          2
c - Call Canine Familiar  Summ           32%        N/A       2%          3
d - Summon Guardian Gole  Hex/Summ       19%        N/A       9%          3
e - Summon Lightning Spi  Summ/Air       19%        N/A       26%         4

Your spell library contained the following spells:

 Spells                   Type           Power      Damage    Failure   Level
 Sublimation of Blood     Necr           6%         N/A       14%         2
 Wereblood                Tmut           6%         N/A       14%         2
 Summon Hydra             Summ           16%        N/A       100%        7
 Borgnjor's Revivificati  Necr           3%         N/A       100%        8
 Necromutation            Tmut/Necr      3%         N/A       100%        8
 Death's Door             Necr           3%         N/A       100%        9


Dungeon Overview and Level Annotations

Branches:
Dungeon (3/15)

Altars:
Sif Muna
Uskayaw

Shops:
D:2 (::?

Annotations:
D:3 Natasha


Message History

It was a potion of curing.
You feel better. The cerulean imp misses you. Natasha closely misses you.
Your hound barely misses the cerulean imp.
The cerulean imp hits you with a +2 spear.
* * * LOW HITPOINT WARNING * * *
You hit Natasha but do no damage.
Natasha is almost dead.
Your hound bites the cerulean imp but does no damage.
The cerulean imp closely misses you. Natasha misses you.
Your hound closely misses the cerulean imp.
The cerulean imp closely misses you.
You hit Natasha but do no damage.
Natasha is almost dead.
The cerulean imp hits you from afar with a +1 spear.
* * * LOW HITPOINT WARNING * * *
Natasha claws you but does no damage.
Your hound bites the cerulean imp but does no damage.
The cerulean imp barely misses you.
You feel better.
Your hound bites the cerulean imp.
The cerulean imp dies!
The cerulean imp disappears in a puff of smoke!
Natasha barely misses you.
Your hound closely misses the cerulean imp.
The cerulean imp barely misses you.
You hit Natasha but do no damage.
Natasha is almost dead.
The cerulean imp disappears in a puff of smoke!
Natasha misses you.
Your hound bites Natasha.
The cerulean imp hits you with a +2 spear.
* * * LOW HITPOINT WARNING * * *
You swap places.
Your hound bites Natasha.
Natasha casts a spell.
The cerulean imp hits you from afar with a +2 spear.
* * * LOW HITPOINT WARNING * * *
Your hound closely misses Natasha.
You barely miss Natasha.
Natasha is almost dead.
Natasha stares at you and mumbles some strange words.
The magic dart hits you!
You die...

*,,,,,,,,,,,,,..#
*,,***********#.# *,,*
#.#########
*********,.############..........
,,,,,,,,*,.......................
,,,,,,,,**,###....#'#....########
,,,,,,,,',,,,#.##5#.#.##.####
,,,,,,,,**,*,#,##h#.#.##....#####
,>,,,,,,,,,*,*,#@h#.#..####.#....
,,,,,,,[**,,,,,#5##.##.####.#.###
,,,,,,,,',,,,,...#...#...........
,,,,,,,,****.....#._.#.####.#..##
,******** #.....#...*.#* #.#..#
,* #.#...#*,**..* #.#..# ,*
#.#....*,*,,,* #.#..# ,*
*****#,#....*,*,,,* #.#.(## ,*
*,,,,,,,,*,,*,*,,** #.#....


You could see Natasha (ally target), 2 cerulean imps and a friendly hound
(summoned).

Vanquished Creatures
  An orc (D:3)
  A giant cockroach (D:3)
  2 goblins
  3 hobgoblins (D:1)
  A jackal (D:2)
  2 kobolds
  A quokka (D:1)
  2 ball pythons
  4 bats
  A frilled lizard (D:3)
  5 rats
23 creatures vanquished.

Vanquished Creatures (collateral kills)
  Terence (D:2)
  Natasha (D:3)
  3 gnolls (D:2)
  4 adders
  A dart slug (D:1)
  2 ball pythons (D:1)
  3 bats
  2 endoplasms
  A giant cockroach (D:3)
  4 goblins
  2 hobgoblins (D:1)
  2 jackals (D:2)
  A quokka (D:2)
  3 frilled lizards
  A kobold (D:1)
  4 rats (D:1)
35 creatures vanquished.

Grand Total: 58 creatures vanquished

Notes
Turn   | Place    | Note
-------+----------+-------------------------------------------
     0 | D:1      | Heoruswealwe the Deep Elf Summoner began the quest for the
                  | Orb.
     0 | D:1      | Reached XP level 1. HP: 10/10 MP: 6/6
   277 | D:1      | Found a faded altar of an unknown god.
   346 | D:1      | Reached XP level 2. HP: 12/15 MP: 4/8
   349 | D:1      | Learned a level 2 spell: Call Imp
  1037 | D:2      | Reached skill level 5 in Summonings
  1093 | D:2      | Reached XP level 3. HP: 19/19 MP: 8/10
  1097 | D:2      | Learned a level 3 spell: Call Canine Familiar
  1101 | D:2      | Learned a level 3 spell: Summon Guardian Golem
  1101 | D:2      | Found Wetum's Antique Weapon Boutique.
  1252 | D:2      | Noticed Terence
  1266 | D:2      | Killed Terence
  1369 | D:2      | Reached XP level 4. HP: 24/24 MP: 12/12
  1602 | D:2      | Found Ituony's Book Emporium.
  1655 | D:2      | You fall into a shaft and drop 1 floor!
  1704 | D:2      | Found Pareq's Magic Scroll Emporium.
  1805 | D:2      | Reached skill level 5 in Spellcasting
  1876 | D:2      | Found Tomut's Book Shoppe.
  1887 | D:2      | Identified the +0 short sword of Malaise {vamp, rPois}
  2227 | D:3      | Found a shimmering blue altar of Sif Muna.
  2235 | D:3      | Became a worshipper of Sif Muna the Loreminder
  2775 | D:3      | Noticed Natasha
  2780 | D:3      | Killed Natasha
  2781 | D:3      | Reached XP level 5. HP: 28/28 MP: 15/15
  2786 | D:3      | Learned a level 4 spell: Summon Lightning Spire
  2906 | D:3      | Reached skill level 6 in Summonings
  2922 | D:3      | Found a hide-covered altar of Uskayaw.
  2953 | D:3      | Reached * piety under Sif Muna
  3376 | D:3      | Found a shimmering blue altar of Sif Muna.
  3381 | D:3      | Noticed Natasha
  3404 | D:3      | HP: 1/28 [cerulean imp/+2 spear[Natasha] (3)]
  3411 | D:3      | Killed from afar by Natasha

Illustrated notes

Levels and vault maps discovered:
D:1:      dpeg_arrival_lava_temple_mockup, layout_basic,
          shapermc_ecumenical_altar_petra, amcnicky_mini_pool_small,
          minivault_11
D:2:      layout_loops_corners, serial_shops, shop, shop,
          nicolae_shop_hallway_stairs, nicolae_shop_real_fake_doors,
          uniq_terence
D:3:      layout_basic, mainiacjoe_overflow_surrounded_room,
          nicolae_uskayaw_suspiria, uniq_natasha

Skill      XL: |  1  2  3  4  5 |
---------------+----------------+-----
Spellcasting   | 4 5 |  5.6
Summonings     | 5 6 |  6.0
Dodging        | |  2.4
Stealth        | |  2.4

Action                     |  1- 3 |  4- 6 || total
---------------------------+-------+-------++-------
  Melee: Spear             |    21 |       ||    21
         Short sword       |    22 |    45 ||    67
   Cast: Summon Small Mamm |    23 |       ||    23
         Call Canine Famil |     3 |    13 ||    16
    Use: Potion            |       |     2 ||     2
   Stab: Sleeping          |       |     5 ||     5
 Armour: Robe              |    12 |    11 ||    23
  Dodge: Dodged            |    27 |    49 ||    76
